[ AOE2 MATCH · #507344383 ]
UnrankedJurchens vs Bohemians
Player's team · LOSS
Rival team · WIN
[ REPLAY ANALYSIS · EXTRACTED FROM THE RECORDED GAME ]
Feudal
10:32
Castle
—
Imperial
—
| APM avg | 68.9 |
| APM peak | 106 |
| eAPM avg | 31.7 |
| Villagers / military | 46 / 20 |
Focus
⚔️ 39.7% · 🌾 60.3%
Skirmisher ×11 · Archer ×5 · Scout Cavalry ×4
Feudal
11:11
Castle
21:51
Imperial
—
| APM avg | 50.6 |
| APM peak | 70 |
| eAPM avg | 18.5 |
| Villagers / military | 48 / 20 |
Focus
⚔️ 41.4% · 🌾 58.6%
Archer ×12 · Militia ×5 · Spearman ×2 · Skirmisher ×1
Match map
Initial resources + every placement click. Lines = walls · curves = elevation contours. ◆ gold · ⬟ stone · ● berries · ✦ relic · ◌ wall gap
Your base· Open — 9t gap
stag11's base· ✓ Closed at 21:51 · 34t walls · 2 gate(s)
Smoothed initial terrain · ◌ = detected wall gap · hover for details
Inputs per minute
— Clint Southwood - - stag11
Build order — Clint Southwood
140 actions detected in the replay
| 0:00 | Queue | Villager (Male) |
| 0:01 | Queue | Villager (Male) |
| 0:02 | Build | House |
| 0:03 | Build | House |
| 0:06 | Queue | Villager (Male) |
| 0:09 | Queue | Villager (Male) |
| 1:29 | Queue | Villager (Male) |
| 1:29 | Queue | Villager (Male) |
| 1:44 | Build | Lumber Camp |
| 2:00 | Queue | Villager (Male) |
| 2:00 | Queue | Villager (Male) |
| 2:29 | Queue | Villager (Male) |
| 3:15 | Queue | Villager (Male) |
| 3:16 | Queue | Villager (Male) |
| 3:32 | Build | House |
| 3:33 | Build | House |
| 3:51 | Build | Palisade Wall |
| 4:08 | Queue | Villager (Male) |
| 4:09 | Queue | Villager (Male) |
| 4:11 | Queue | Villager (Male) |
| 4:34 | Build | Mill |
| 5:27 | Queue | Villager (Male) |
| 5:27 | Queue | Villager (Male) |
| 5:31 | Queue | Villager (Male) |
| 5:55 | Queue | Villager (Male) |
| 5:56 | Queue | Villager (Male) |
| 6:11 | Queue | Villager (Male) |
| 6:11 | Queue | Villager (Male) |
| 6:19 | Queue | Villager (Male) |
| 7:13 | Build | Barracks |
| 7:20 | Research | Loom |
| 7:55 | Build | Palisade Wall |
| 7:55 | Build | Palisade Wall |
| 7:57 | Build | Palisade Wall |
| 8:00 | Build | Palisade Wall |
| 8:04 | Build | Palisade Wall |
| 8:06 | Build | Palisade Wall |
| 8:10 | Build | Palisade Wall |
| 8:16 | Build | Palisade Wall |
| 8:22 | Research | Feudal Age |
| 8:22 | Research | Feudal Age |
| 8:36 | Build | House |
| 8:38 | Build | Palisade Wall |
| 8:40 | Build | Palisade Wall |
| 8:41 | Build | Palisade Wall |
| 8:52 | Build | Palisade Wall |
| 8:53 | Build | Palisade Wall |
| 9:00 | Queue | Villager (Male) |
| 9:01 | Queue | Villager (Male) |
| 9:07 | Build | Palisade Gate |
| 9:16 | Build | Barracks |
| 9:22 | Build | Palisade Wall |
| 9:24 | Build | Palisade Wall |
| 9:26 | Build | Palisade Wall |
| 9:27 | Build | Palisade Wall |
| 9:30 | Build | Palisade Wall |
| 10:32 | Age | Feudal Age |
| 10:47 | Build | Stable |
| 11:06 | Queue | Villager (Male) |
| 11:11 | Research | Double-Bit Axe |
| 11:27 | Build | Farm |
| 11:28 | Queue | Scout Cavalry |
| 11:29 | Queue | Scout Cavalry |
| 11:39 | Build | Farm |
| 11:48 | Build | House |
| 11:52 | Queue | Scout Cavalry |
| 11:55 | Queue | Villager (Male) |
| 12:02 | Build | Farm |
| 12:04 | Queue | Scout Cavalry |
| 12:26 | Build | Farm |
| 12:46 | Queue | Villager (Male) |
| 12:49 | Build | Farm |
| 12:52 | Queue | Villager (Male) |
| 13:08 | Queue | Villager (Male) |
| 13:20 | Build | Palisade Wall |
| 13:24 | Build | Archery Range |
| 13:27 | Queue | Villager (Male) |
| 13:42 | Build | Palisade Gate |
| 13:46 | Build | Palisade Gate |
| 13:49 | Build | Palisade Gate |
| 14:01 | Queue | Villager (Male) |
| 14:05 | Build | Mining Camp |
| 14:10 | Queue | Villager (Male) |
| 14:17 | Queue | Villager (Male) |
| 14:30 | Build | Farm |
| 14:30 | Build | Farm |
| 14:32 | Queue | Skirmisher |
| 14:34 | Queue | Villager (Male) |
| 14:36 | Queue | Villager (Male) |
| 14:45 | Build | House |
| 14:50 | Research | Town Watch |
| 14:50 | Research | Town Watch |
| 14:51 | Research | Horse Collar |
| 14:51 | Research | Horse Collar |
| 15:16 | Build | House |
| 15:18 | Queue | Skirmisher |
| 15:21 | Build | House |
| 15:39 | Queue | Skirmisher |
| 15:40 | Queue | Villager (Male) |
| 15:43 | Queue | Villager (Male) |
| 15:51 | Build | Farm |
| 15:57 | Queue | Villager (Male) |
| 16:07 | Build | House |
| 16:13 | Build | House |
| 16:16 | Build | House |
| 16:17 | Queue | Skirmisher |
| 16:18 | Queue | Villager (Male) |
| 16:43 | Queue | Skirmisher |
| 16:43 | Queue | Skirmisher |
| 16:50 | Queue | Skirmisher |
| 16:50 | Queue | Skirmisher |
| 17:33 | Queue | Skirmisher |
| 17:33 | Queue | Skirmisher |
| 18:11 | Queue | Villager (Male) |
| 18:13 | Build | House |
| 18:14 | Queue | Villager (Male) |
| 18:24 | Queue | Archer |
| 18:24 | Queue | Archer |
| 18:49 | Queue | Skirmisher |
| 19:53 | Queue | Villager (Male) |
| 19:56 | Build | Blacksmith |
| 19:58 | Queue | Villager (Male) |
| 20:10 | Queue | Archer |
| 20:13 | Queue | Archer |
| 20:14 | Queue | Villager (Male) |
| 20:18 | Build | Market |
| 20:19 | Queue | Villager (Male) |
| 20:21 | Build | Farm |
| 20:28 | Build | Farm |
| 20:29 | Build | Farm |
| 20:37 | Queue | Archer |
| 21:48 | Research | Castle Age |
| 21:48 | Research | Castle Age |
| 21:54 | Build | Archery Range |
| 22:05 | Build | Farm |
| 22:05 | Build | Farm |
| 22:05 | Build | Farm |
| 22:11 | Queue | Villager (Male) |
| 22:14 | Build | House |
| 22:28 | Build | Palisade Wall |
Build order — stag11
127 actions detected in the replay
| 0:00 | Queue | Villager (Male) |
| 0:02 | Build | House |
| 0:03 | Build | House |
| 0:06 | Queue | Villager (Male) |
| 0:08 | Queue | Villager (Male) |
| 0:09 | Queue | Villager (Male) |
| 1:24 | Queue | Villager (Male) |
| 1:35 | Build | Lumber Camp |
| 1:59 | Queue | Villager (Male) |
| 2:24 | Queue | Villager (Male) |
| 2:39 | Queue | Villager (Male) |
| 3:05 | Queue | Villager (Male) |
| 3:42 | Queue | Villager (Male) |
| 3:49 | Build | House |
| 4:04 | Queue | Villager (Male) |
| 4:20 | Build | Barracks |
| 4:31 | Queue | Villager (Male) |
| 4:34 | Queue | Villager (Male) |
| 4:48 | Build | House |
| 5:05 | Build | House |
| 5:06 | Build | Palisade Wall |
| 5:11 | Queue | Villager (Male) |
| 5:16 | Queue | Militia |
| 5:17 | Queue | Militia |
| 5:42 | Queue | Militia |
| 5:45 | Queue | Villager (Male) |
| 5:57 | Queue | Militia |
| 6:16 | Build | Palisade Gate |
| 6:23 | Build | Palisade Gate |
| 6:26 | Build | Palisade Wall |
| 6:30 | Queue | Villager (Male) |
| 6:37 | Queue | Villager (Male) |
| 6:40 | Build | Mill |
| 6:40 | Queue | Villager (Male) |
| 6:42 | Research | Loom |
| 7:26 | Queue | Villager (Male) |
| 7:32 | Build | Palisade Wall |
| 7:32 | Queue | Villager (Male) |
| 8:11 | Build | Palisade Wall |
| 8:33 | Queue | Villager (Male) |
| 8:42 | Build | House |
| 8:44 | Build | Palisade Wall |
| 8:56 | Build | Palisade Wall |
| 9:01 | Research | Feudal Age |
| 9:07 | Build | Mining Camp |
| 10:45 | Queue | Villager (Male) |
| 11:11 | Age | Feudal Age |
| 11:14 | Build | Archery Range |
| 11:16 | Queue | Spearman |
| 11:22 | Research | Double-Bit Axe |
| 11:23 | Research | Horse Collar |
| 11:29 | Queue | Villager (Male) |
| 11:37 | Build | Blacksmith |
| 12:01 | Build | Farm |
| 12:02 | Queue | Villager (Male) |
| 12:06 | Build | Farm |
| 12:11 | Queue | Archer |
| 12:22 | Build | Palisade Gate |
| 12:23 | Queue | Villager (Male) |
| 12:30 | Build | Farm |
| 12:30 | Queue | Villager (Male) |
| 12:39 | Queue | Villager (Male) |
| 12:40 | Queue | Archer |
| 12:46 | Research | Fletching |
| 12:52 | Build | House |
| 12:58 | Queue | Archer |
| 13:03 | Queue | Villager (Male) |
| 13:06 | Build | Farm |
| 13:06 | Queue | Villager (Male) |
| 13:20 | Build | Farm |
| 13:34 | Build | House |
| 13:35 | Build | House |
| 13:41 | Queue | Villager (Male) |
| 13:46 | Queue | Villager (Male) |
| 13:49 | Build | Farm |
| 13:49 | Queue | Villager (Male) |
| 13:52 | Queue | Villager (Male) |
| 14:00 | Queue | Archer |
| 14:09 | Queue | Skirmisher |
| 14:13 | Build | Farm |
| 14:17 | Queue | Villager (Male) |
| 14:24 | Queue | Spearman |
| 14:26 | Queue | Villager (Male) |
| 14:29 | Build | Farm |
| 14:30 | Queue | Villager (Male) |
| 14:36 | Build | House |
| 14:40 | Queue | Archer |
| 14:43 | Queue | Villager (Male) |
| 14:46 | Build | Farm |
| 14:52 | Build | Farm |
| 14:59 | Queue | Archer |
| 15:20 | Queue | Archer |
| 15:21 | Queue | Villager (Male) |
| 15:24 | Build | Farm |
| 15:24 | Queue | Villager (Male) |
| 15:28 | Build | Farm |
| 15:39 | Queue | Archer |
| 15:41 | Queue | Villager (Male) |
| 15:46 | Queue | Villager (Male) |
| 15:49 | Build | House |
| 16:08 | Build | Mining Camp |
| 16:09 | Queue | Villager (Male) |
| 16:12 | Build | Lumber Camp |
| 16:21 | Queue | Archer |
| 17:02 | Queue | Militia |
| 17:09 | Research | Man-at-Arms (upgrade) |
| 17:31 | Queue | Villager (Male) |
| 17:36 | Build | Market |
| 17:52 | Queue | Villager (Male) |
| 17:57 | Queue | Villager (Male) |
| 18:16 | Build | Farm |
| 18:29 | Build | Farm |
| 18:30 | Build | Farm |
| 18:30 | Build | Farm |
| 18:30 | Build | Farm |
| 19:11 | Research | Castle Age |
| 20:54 | Queue | Archer |
| 20:57 | Queue | Villager (Male) |
| 21:51 | Age | Castle Age |
| 21:52 | Research | Bodkin Arrow |
| 21:54 | Research | Crossbowman (upgrade) |
| 22:02 | Build | Castle |
| 22:03 | Queue | Villager (Male) |
| 22:07 | Queue | Villager (Male) |
| 22:18 | Queue | Archer |
| 22:23 | Research | Bow Saw |
| 22:38 | Queue | Archer |
Match timeline
| 3:51 | Clint Southwood · wall_segment Palisade Wall x5 |
| 4:20 | stag11 · first_building Barracks |
| 5:06 | stag11 · wall_segment Palisade Wall x1 |
| 6:26 | stag11 · wall_segment Palisade Wall x4 |
| 7:13 | Clint Southwood · first_building Barracks |
| 7:32 | stag11 · wall_segment Palisade Wall x4 |
| 7:55 | Clint Southwood · wall_segment Palisade Wall x1 |
| 7:55 | Clint Southwood · wall_segment Palisade Wall x1 |
| 7:57 | Clint Southwood · wall_segment Palisade Wall x1 |
| 8:00 | Clint Southwood · wall_segment Palisade Wall x1 |
| 8:04 | Clint Southwood · wall_segment Palisade Wall x1 |
| 8:06 | Clint Southwood · wall_segment Palisade Wall x1 |
| 8:10 | Clint Southwood · wall_segment Palisade Wall x1 |
| 8:11 | stag11 · wall_segment Palisade Wall x6 |
| 8:16 | Clint Southwood · wall_segment Palisade Wall x1 |
| 8:38 | Clint Southwood · wall_segment Palisade Wall x1 |
| 8:40 | Clint Southwood · wall_segment Palisade Wall x1 |
| 8:41 | Clint Southwood · wall_segment Palisade Wall x1 |
| 8:44 | stag11 · wall_segment Palisade Wall x12 |
| 8:52 | Clint Southwood · wall_segment Palisade Wall x1 |
| 8:53 | Clint Southwood · wall_segment Palisade Wall x1 |
| 8:56 | stag11 · wall_segment Palisade Wall x8 |
| 9:22 | Clint Southwood · wall_segment Palisade Wall x1 |
| 9:24 | Clint Southwood · wall_segment Palisade Wall x1 |
| 9:26 | Clint Southwood · wall_segment Palisade Wall x1 |
| 9:27 | Clint Southwood · wall_segment Palisade Wall x1 |
| 9:30 | Clint Southwood · wall_segment Palisade Wall x1 |
| 10:32 | Clint Southwood · age_up feudal |
| 10:47 | Clint Southwood · first_building Stable |
| 11:11 | stag11 · age_up feudal |
| 11:14 | stag11 · first_building Archery Range |
| 13:20 | Clint Southwood · wall_segment Palisade Wall x1 |
| 13:24 | Clint Southwood · first_building Archery Range |
| 18:42 | stag11 · first_market_sell 100 wood |
| 18:43 | stag11 · first_market_buy 100 food |
| 21:38 | Clint Southwood · first_market_buy 100 food |
| 21:51 | stag11 · age_up castle |
| 22:02 | stag11 · first_building Castle |
| 22:28 | Clint Southwood · wall_segment Palisade Wall x13 |
| 22:38 | Clint Southwood · resign |
[ AI ANALYSIS · 1 CREDIT ]
What really happened in this match?
Wolo.gg analyzes every decision: build order, eco, micro, common mistakes by bracket. Personalized analysis on WhatsApp or Discord in 30 seconds.
Civ guide
Jurchens
Perfil
Jugador #20604439